 Dungeon Crawl Stone Soup version 0.27.0-1-g7a089689b8 (webtiles) character file.

Game seed: 13643169021465425954

39 Crownlay the Sneak (level 3, -1/24 HPs)
             Began as an Octopode Brigand on Aug 12, 2021.
             Shot with a stone by a goblin (7 damage)
             ... on level 2 of the Dungeon.
             The game lasted 00:02:18 (1100 turns).

Crownlay the Sneak (Octopode Brigand)               Turns: 1100, Time: 00:02:23

Health: -1/24      AC:  1    Str: 10    XL:     3   Next: 45%
Magic:  0/3        EV: 12    Int: 13    God:
Gold:   15         SH:  0    Dex: 14    Spells: 2/2 levels left

rFire    . . .     SeeInvis .   a - +2 dagger
rCold    . . .     Faith    .   (no shield)
rNeg     . . .     Spirit   +   (helmet restricted)
rPois    .         Reflect  .   g - amulet of guardian spirit
rElec    .         Harm     .   (no ring)
rCorr    .         Rampage  .   (no ring)
Will     .....                  (no ring)
Stlth    ++++......             (no ring)
HPRegen  0.08/turn              (no ring)
MPRegen  0.08/turn              (no ring)
                                (no ring)
                                (no ring)

@: no status effects
A: almost no armour, amphibious, 8 rings, camouflage 1, gelatinous body 1,
(nimble swimmer 1), tentacles
a: no special abilities


You were on level 2 of the Dungeon.
You visited 1 branch of the dungeon, and saw 2 of its levels.

You collected 15 gold pieces.

Inventory:

Hand Weapons
 a - a +2 dagger (weapon)
Missiles
 b - 23 poisoned darts (quivered)
Jewellery
 g - an amulet of guardian spirit (around mantle)
Scrolls
 d - a scroll of teleportation {unknown}
 f - 2 scrolls of identify {unknown}
Potions
 e - 3 potions of curing {unknown}


   Skills:
 - Level 2.0 Fighting
 - Level 2.0 Short Blades
 - Level 2.0 Throwing
 - Level 1.0 Dodging
 + Level 7.1 Stealth


You had 2 spell levels left.
You didn't know any spells.
Your spell library contained the following spells:

 Spells                   Type           Power      Damage    Failure   Level
 Ensorcelled Hibernation  Hex/Ice        0%         N/A       43%         2
 Spider Form              Tmut/Pois      0%         N/A       67%         3
 Shadow Creatures         Summ           N/A        N/A       100%        6


Dungeon Overview and Level Annotations

Branches:
Dungeon (2/15)

Altars:


Innate Abilities, Weirdness & Mutations

You cannot wear most types of armour.
You are amphibious.
You can wear up to eight rings at the same time.
Your skin changes colour to match your surroundings (Stealth+).
Your rubbery body absorbs attacks. (AC +1, EV +1)
((You are camouflaged near water. (Stealth+)))
You have tentacles for arms and can constrict up to eight enemies at once.


Message History

You constrict Sigmund, but do no damage.
A goblin comes into view. It is wielding a +0 dagger.
Sigmund barely misses you.
You release your grip on Sigmund.
Sigmund barely misses you.
You miss Sigmund.
Sigmund is moderately wounded.
Sigmund hits you with a +0 scythe!
You're too confused to move!
Sigmund closely misses you.
You feel less confused.
The goblin shouts!
You hear an angry hiss.
Sigmund gestures at you while chanting. You resist with significant effort.
You hit Sigmund but do no damage. You grab Sigmund. You squeeze Sigmund.
Sigmund is moderately wounded.
You constrict Sigmund, but do no damage.
Sigmund hits you with a +0 scythe.
You hit Sigmund.
Sigmund is heavily wounded.
You constrict Sigmund, but do no damage.
You hit Sigmund. You squeeze Sigmund, but do no damage.
Sigmund is severely wounded.
You constrict Sigmund. Sigmund hits you with a +0 scythe.
* * * LOW HITPOINT WARNING * * *
Okay, then.
You are too injured to fight recklessly!
Throw: dart (curare)
Press: ? - help, Q - select action, (/) - cycle Shift-Dir - straight line, f/p - Sigmund
Aim: Sigmund, wielding a +0 scythe and wearing a +2 robe of resistance (severely wounded, constricted by you, poisoned, slow, 90% to hit)
You throw a curare-tipped dart. The curare-tipped dart hits Sigmund.
Sigmund looks even sicker.
Sigmund convulses.
Sigmund seems to be slow for longer.
Sigmund is almost dead.
You constrict Sigmund. You hit Sigmund but do no damage. You squeeze Sigmund.
Sigmund is almost dead.
You constrict Sigmund.
You kill Sigmund!
The goblin unwields a +0 dagger.
The goblin wields a +4 hunting sling.
The goblin shoots a stone.
The stone hits you!
You die...

............. ...#.
..........### #....
#.........# #l...
#...#...##### #....
#............ #.@..
#...........# . ...
#...........#
....##.########...........#
.......lg)@.#.............#
....#...###.###...........#
. #.....................#
....................>...
.........................
..........................
..........................
..................####.###
..............# ##.####


You could see a goblin and a frilled lizard.

Vanquished Creatures
  Sigmund (D:2)
  An adder (D:2)
  A dart slug (D:1)
  2 bats (D:1)
  2 endoplasms (D:1)
  3 goblins (D:1)
  3 hobgoblins
  6 kobolds
  A ball python (D:1)
  4 frilled lizards (D:1)
  5 rats
29 creatures vanquished.

Notes
Turn   | Place    | Note
-------+----------+-------------------------------------------
     0 | D:1      | Crownlay the Octopode Brigand began the quest for the Orb.
     0 | D:1      | Reached XP level 1. HP: 14/14 MP: 1/1
   162 | D:1      | Reached XP level 2. HP: 15/19 MP: 2/2
   163 | D:1      | Reached skill level 6 in Stealth
   616 | D:1      | Reached XP level 3. HP: 24/24 MP: 3/3
   942 | D:2      | Reached skill level 7 in Stealth
  1076 | D:2      | Noticed Sigmund
  1100 | D:2      | Killed Sigmund
  1100 | D:2      | Shot with a stone by a goblin

Illustrated notes

Levels and vault maps discovered:
D:1:      enne_arrival_octagon_isle, layout_basic, serial_bayou,
          serial_bayou_lagoon_b, serial_bayou_shore_b, serial_bayou_pond_d,
          serial_bayou_crossing, minivault_26, hangedman_decor_points,
          chequers_serial_rivers_small_b
D:2:      layout_basic, ebering_ecumenical_altar_abandoned, serial_bayou_pond_d,
          amcnicky_mini_rare_corridor_liquid, minmay_puff, uniq_sigmund

Skill      XL: |  1  2  3 |
---------------+----------+-----
Stealth        | 6 7 |  7.1
Fighting       | |  2.0
Short Blades   | |  2.0
Throwing       | |  2.0
Dodging        | |  1.0

Action                   || total
-------------------------++-------
Melee: Dagger            ||    41
       Constrict         ||     7
       Tentacles         ||     5
Throw: Dart              ||     4
 Stab: Sleeping          ||    16
Dodge: Dodged            ||    12
